 Dungeon Crawl Stone Soup version 0.17-a0-764-gd40c196 (webtiles) character file.

78281 ventricule the Brawler (level 15, -6/149 HPs)
             Began as a Troll Monk on Apr 23, 2015.
             Splashed by an acid blob's acid (7 damage)
             ... on level 1 of the Pits of Slime.
             The game lasted 01:41:16 (27561 turns).

ventricule the Brawler (Troll Monk)                Turns: 27561, Time: 01:41:16

Health: -6/149     AC:  1    Str: 30    XL:     15   Next: 17%
Magic:  14/14      EV: 13    Int: 10    God:
Gold:   3258       SH:  2    Dex: 13    Spells: 0 memorised, 14 levels left

rFire  + + +     SeeInvis .       - Unarmed
rCold  x . .     Clarity  .     F - +0 fire dragon armour
rNeg   . . .     SustAb   .     (no shield)
rPois  +         Gourm    +     (helmet restricted)
rElec  .         Spirit   .     M - +1 cloak
rCorr  .         Warding  .     (gloves unavailable)
rMut   .         Stasis   .     (boots unavailable)
MR     +....                    (no amulet)
Stlth  ..........               S - +5 ring of strength
                                C - ring of poison resistance

@: corroded equipment, somewhat resistant to hostile enchantments, extremely
unstealthy
A: unfitting armour, claws 3, large bone plates 1, slimy green scales 1, blurry
vision 2, fire resistance 1, fast metabolism 3, gourmand, regeneration 2, shaggy
fur 1, spit poison 1, strong 1, tough skin 2, wild magic 1, MP-powered wands
a: Spit Poison


You were on level 1 of the Pits of Slime.
You were not hungry.

You visited 5 branches of the dungeon, and saw 27 of its levels.
You also visited: Labyrinth and Sewer.

You collected 3763 gold pieces.
You spent 505 gold pieces at shops.


Innate Abilities, Weirdness & Mutations

You are too large for most types of armour.
You have claws for hands.
Your metabolism is lightning-fast.
You like to eat raw meat.
You heal very quickly.
You are covered in fur (AC +1).
You have very tough skin (AC +2).
You are partially covered in large bone plates (AC +2, SH +2).
You are partially covered in slimy green scales (AC +2).
Scrolls take you longer to read.
Your flesh is heat resistant.
You can spit weak poison.
Your muscles are strong. (Str +2)
Your spells are a little harder to cast, but a little more powerful.
You expend magic power (3 MP) to strengthen your wands.


   Skills:
 - Level 10.0 Fighting
 + Level 5.0 Throwing
 - Level 10.3 Armour
 - Level 10.0 Dodging
 - Level 1.1 Stealth
 - Level 17.3 Unarmed Combat


You had 14 spell levels left.
You didn't know any spells.

Inventory:

Hand weapons
 E - a +5 blowgun
Missiles
 l - 10 large rocks (quivered) {=f}
 u - 2 poisoned javelins
Armour
 F - a +0 fire dragon armour (worn)
 M - a +1 cloak (worn)
 U - a +1 robe of cold resistance
Jewellery
 k - a ring of protection from cold
 C - a ring of poison resistance (left claw)
 G - a ring of flight
 K - a ring of stealth
 S - a +5 ring of strength (right claw)
 V - a ring of sustain abilities
 Y - a ring of protection from fire
 Z - a ring of ice
Magical devices
 s - a wand of fireball (3)
 A - a wand of cold (10)
 I - a wand of digging (4)
 L - a wand of hasting (3) {!d@v3}
 P - a wand of fire (2)
Scrolls
 e - 6 scrolls of remove curse
 g - 3 scrolls of amnesia
 m - a scroll of silence {!r}
 t - 8 scrolls of teleportation {@r4}
 x - 8 scrolls of recharging
 y - 6 scrolls of enchant armour
 z - 2 scrolls of fear
 B - a scroll of blinking
 H - 5 scrolls of enchant weapon
 J - a scroll of fog
 N - 3 scrolls of immolation {!r}
 O - a scroll of summoning
 Q - 3 scrolls of magic mapping
Potions
 a - a potion of cancellation {unknown}
 c - 4 potions of haste {@q3}
 d - 2 potions of curing {@q1}
 f - 3 potions of ambrosia {!q}
 h - a potion of invisibility
 i - 3 potions of restore abilities
 j - 3 potions of brilliance
 n - 4 potions of agility
 q - 2 potions of flight
 r - 2 potions of lignification {!q}
 v - a potion of heal wounds {@q2}
 w - a potion of berserk rage {unknown}
 D - 2 potions of resistance
 R - a potion of magic
 T - a potion of cure mutation
 X - a potion of might
Comestibles
 b - 18 bread rations
 o - 14 meat rations

Dungeon Overview and Level Annotations

Branches:
Dungeon (12/15)            Temple (1/1) D:6            Lair (8/8) D:10
  Swamp (0/5) Lair:6        Snake (0/5) Lair:5        Slime (2/6) Lair:7
    Orc (4/4) D:11            Elf (0/3) Orc:4

Altars:
Ashenzari
Cheibriados
Dithmenos
Elyvilon
Fedhas
Gozag
Kikubaaqudgha
Makhleb
Nemelex Xobeh
Okawaru
Qazlal
Ru
Sif Muna
Trog
Vehumet
Xom
Yredelemnul
Zin
The Shining One
Beogh

Shops:
D:6 :   Orc:1 *   Orc:3 *(%   Orc:4 [!}?*

Annotations:
Lair:1 exclusion: oklob plant
Lair:7 exclusion: hydra

......#.....###..
#.....#...........
#....##.J..........
#........J#.......
###..........#..#..
.#..................
.....................
...................#
........T........###
.................#
.....#..#....#.##
################


You could see 2 acid blobs.


Message History

The acid blob spits acid at you. The splash of acid hits you!
The acid corrodes your equipment!
The acid burns!
The acid blob spits acid at you. The splash of acid hits you!
* * * LOW HITPOINT WARNING * * *
The acid burns!
* * * LOW HITPOINT WARNING * * *
The acid blob spits acid at you. The splash of acid hits you!
* * * LOW HITPOINT WARNING * * *
The acid burns!
* * * LOW HITPOINT WARNING * * *
The acid blob spits acid at you. The splash of acid hits you!
* * * LOW HITPOINT WARNING * * *
The acid corrodes your equipment!
The acid burns!
* * * LOW HITPOINT WARNING * * *
There is a stone staircase leading down, spattered with blood here.
Drink which item? (? for menu, Esc to quit)
You feel much better. The acid blob spits acid at you.
The splash of acid hits you!
* * * LOW HITPOINT WARNING * * *
The acid burns!
* * * LOW HITPOINT WARNING * * *
The acid blob spits acid at you. The splash of acid hits you!
* * * LOW HITPOINT WARNING * * *
The acid burns!
You die...

Action                   |  1- 3 |  4- 6 |  7- 9 | 10-12 | 13-15 || total
-------------------------+-------+-------+-------+-------+-------++-------
Melee: Unarmed           |   112 |    61 |   452 |   645 |  1428 ||  2698
Throw: Javelin           |       |       |     4 |       |       ||     4
       Large rock        |       |       |       |       |    40 ||    40
Evoke: Wand              |       |       |       |     7 |     1 ||     8
  Use: Scroll            |     3 |     3 |     8 |    10 |    13 ||    37
       Potion            |       |     4 |     6 |     8 |     7 ||    25
 Stab: Sleeping          |     1 |       |     8 |     7 |     1 ||    17
       Paralysed         |       |       |     1 |       |       ||     1
       Invisible         |       |       |       |     4 |       ||     4
       Distracted        |       |       |       |       |     1 ||     1
  Eat: Chunk             |    16 |     6 |    47 |    45 |   109 ||   223
       Beef jerky        |       |       |     1 |       |     1 ||     2
       Fruit             |       |       |       |     2 |    12 ||    14
       Meat ration       |       |       |       |       |     2 ||     2
       Pizza             |       |       |       |       |     1 ||     1
       Royal jelly       |       |       |       |       |     1 ||     1

Vault maps used:
D:1:      dpeg_arrival_short_road
D:2:      lemuel_coloured_pillars_altar, nicolae_overflow_crystal_walls,
          first_bread, minmay_misc_feat_room
D:3:      uniq_robin, uniq_sigmund, uniq_jessica, uniq_grinder
D:4:      grunt_temple_overflow_gold_and_silver
D:5:      overflow_temple_1_default, gup_sewer_entry_glass, nrook_uturn
D:6:      minmay_temple_entry_statues, serial_shops, shop, serial_undead,
          serial_undead_e, serial_undead_a, serial_undead_c, serial_undead_f,
          nicolae_ru_great_annihilating_truth
D:7:      yredelemnul_altar_generic, uniq_pikel
D:8:      lemuel_doored_altar, uniq_grum, uniq_joseph
D:10:     lair_0_dummy, special_room, uniq_psyche
D:11:     orc_0_dummy, lab_entry_generic, basic_altar, hangedman_fish_farm
D:12:     uniq_nessos
Temple:   zaba_magenta_temple_12
Lair:1:   lemuel_slime, tgw_fedhas, serial_bayou_shore_a
Lair:2:   beast_lair_carwin_1, grunt_megastairs_2, lemuel_fruit_fields,
          uniq_erica
Lair:3:   uniq_maud
Lair:5:   guppyfry_snake_entry_island, kilobyte_rumbling_trees,
          infiniplex_staircase_pool_2
Lair:6:   nicolae_swamp_entry_splash_gauntlet
Lair:7:   dpeg_slime_entry_corner
Lair:8:   minmay_lair_end_frog_pond, infiniplex_staircase_pool
Orc:1:    serial_shops, shop, special_room, uniq_fannar
Orc:2:    special_room
Orc:3:    serial_shops, shop, shop, shop, nicolae_orc_pool_cavern,
          mines_bat_river
Orc:4:    st_orc_mages, serial_shops, nicolae_shop_trees,
          david_defended_altar_orc, uniq_donald
Lab:      labyrinth_mini_lab, nicolae_lab_hexagon, nicolae_lab_dead_end,
          nicolae_lab_plus, nicolae_lab_grate_2
Sewer:    sewer_fruit_machine

Notes
Turn   | Place    | Note
--------------------------------------------------------------
     0 | D:1      | ventricule, the Troll Monk, began the quest for the Orb.
     0 | D:1      | Reached XP level 1. HP: 22/22 MP: 0/0
   186 | D:1      | Reached XP level 2. HP: 29/29 MP: 1/1
   746 | D:2      | Reached skill level 5 in Unarmed Combat
   746 | D:2      | Reached XP level 3. HP: 31/36 MP: 2/2
   794 | D:2      | Found a sacrificial altar of Ru.
  1147 | D:2      | Found a bloodstained altar of Trog.
  1333 | D:3      | Noticed Grinder
  1345 | D:3      | Paralysed by Grinder for 3 turns
  1349 | D:3      | Killed Grinder
  1349 | D:3      | Reached skill level 7 in Unarmed Combat
  1349 | D:3      | Reached XP level 4. HP: 15/44 MP: 3/3
  1349 | D:3      | Reached XP level 5. HP: 17/50 MP: 4/4
  1459 | D:3      | Reached XP level 6. HP: 59/59 MP: 5/5
  1509 | D:3      | Noticed Viceroy's ghost (average OpTm)
  1517 | D:3      | Killed Viceroy's ghost
  1625 | D:3      | Noticed Jessica
  1633 | D:3      | Killed Jessica
  1633 | D:3      | Reached skill level 8 in Unarmed Combat
  1721 | D:3      | Noticed Robin
  1730 | D:3      | Killed Robin
  1810 | D:3      | Noticed Sigmund
  1823 | D:3      | Gained mutation: Armour fits poorly on your strangely shaped body. [potion of mutation]
  1823 | D:3      | Gained mutation: You are dopey. (Int -2) [potion of mutation]
  1823 | D:3      | Gained mutation: You are resistant to hostile enchantments. [potion of mutation]
  1827 | D:3      | Killed Sigmund
  1827 | D:3      | Reached XP level 7. HP: 8/66 MP: 6/6
  1830 | D:3      | Gained mutation: You tend to lose your temper in combat. [potion of mutation]
  1830 | D:3      | Gained mutation: Your spells are a little easier to cast, but a little less powerful. [potion of mutation]
  1831 | D:3      | Lost mutation: You tend to lose your temper in combat. [potion of cure mutation]
  1831 | D:3      | Lost mutation: Your spells are a little easier to cast, but a little less powerful. [potion of cure mutation]
  1831 | D:3      | Lost mutation: You are resistant to hostile enchantments. [potion of cure mutation]
  1831 | D:3      | Lost mutation: You are dopey. (Int -2) [potion of cure mutation]
  1831 | D:3      | Lost mutation: Armour fits poorly on your strangely shaped body. [potion of cure mutation]
  2353 | D:4      | Reached skill level 9 in Unarmed Combat
  2626 | D:4      | Found a glowing silver altar of Zin.
  2627 | D:4      | Found an opulent altar of Gozag.
  2805 | D:5      | Entered Level 5 of the Dungeon
  2818 | D:4      | Gained mutation: You are dopey. (Int -2) [potion of mutation]
  2818 | D:4      | Gained mutation: Your flesh is heat resistant. [potion of mutation]
  3068 | D:5      | Found a glowing drain.
  3096 | Sewer    | Entered a sewer
  3345 | Sewer    | Gained mutation: Scrolls take you a little longer to read. [potion of mutation]
  3345 | Sewer    | Gained mutation: You are partially covered in large bone plates (AC +2, SH +2). [potion of mutation]
  3345 | Sewer    | Gained mutation: You are partially covered in slimy green scales (AC +2). [potion of mutation]
  4043 | D:5      | Found a radiant altar of Vehumet.
  4091 | D:5      | Reached skill level 10 in Unarmed Combat
  4156 | D:5      | Reached XP level 8. HP: 74/74 MP: 7/7
  4753 | D:6      | Found a staircase to the Ecumenical Temple.
  4941 | D:6      | Reached skill level 11 in Unarmed Combat
  5250 | D:6      | Found a sacrificial altar of Ru.
  5330 | D:6      | Found Xerchad's Book Emporium.
  5650 | D:7      | Reached skill level 12 in Unarmed Combat
  5681 | D:7      | Found a basalt altar of Yredelemnul.
  5816 | D:7      | Reached XP level 9. HP: 74/80 MP: 8/8
  5862 | D:7      | Noticed Pikel
  5877 | D:7      | Killed Pikel
  6088 | D:7      | You fall through a shaft!
  6093 | D:8      | Noticed Joseph
  6115 | D:8      | Killed Joseph
  6115 | D:8      | Reached skill level 13 in Unarmed Combat
  6249 | D:8      | Noticed Mygna's ghost (experienced HaWr)
  6526 | D:8      | Reached skill level 3 in Fighting
  6526 | D:8      | Reached skill level 3 in Dodging
  6529 | D:8      | Noticed Grum
  6556 | D:8      | Reached skill level 4 in Dodging
  6673 | D:8      | Killed Grum
  6673 | D:8      | Reached skill level 4 in Fighting
  6679 | D:8      | Gained mutation: Your spells are a little harder to cast, but a little more powerful. [mutagenic meat]
  6680 | D:8      | Gained mutation: You can spit weak poison. [mutagenic meat]
  6856 | D:8      | Reached XP level 10. HP: 93/93 MP: 9/9
  7092 | D:8      | Killed Mygna's ghost
  7116 | D:8      | Found a shattered altar of Ashenzari.
  7663 | D:9      | Reached skill level 5 in Dodging
  7673 | D:9      | Reached skill level 5 in Fighting
  7794 | D:9      | Got a steaming robe
  7805 | D:9      | Identified the +1 robe of Sif Muna's Envy {rN+} (You found it on level 9 of the Dungeon)
  7913 | D:9      | Noticed a tengu warrior
  8342 | D:9      | Killed a tengu warrior
  8342 | D:9      | Reached skill level 6 in Dodging
  8359 | D:9      | Reached skill level 6 in Fighting
  8877 | D:10     | Entered Level 10 of the Dungeon
  8877 | D:10     | Noticed Psyche
  8885 | D:10     | Killed Psyche
  9026 | D:10     | Found a staircase to the Lair.
  9057 | Lair:1   | Entered Level 1 of the Lair of Beasts
  9158 | Lair:1   | Identified a wand of hasting
  9184 | Lair:1   | Reached skill level 7 in Dodging
  9184 | Lair:1   | Reached XP level 11. HP: 97/107 MP: 10/10
  9215 | Lair:1   | Reached skill level 7 in Fighting
  9359 | Lair:2   | Noticed Erica
  9377 | Lair:2   | Killed Erica
  9501 | Lair:3   | Reached skill level 14 in Unarmed Combat
  9861 | Lair:6   | You fall through a shaft!
  9950 | Lair:7   | Noticed a death yak
  9975 | Lair:7   | Noticed a death yak
  9979 | Lair:7   | Noticed a death yak
  9979 | Lair:7   | Killed a death yak
 10009 | Lair:7   | Killed a death yak
 10009 | Lair:7   | Reached skill level 15 in Unarmed Combat
 10014 | Lair:7   | Noticed a death yak
 10039 | Lair:7   | Killed a death yak
 10045 | Lair:7   | Killed a death yak
 10438 | Lair:7   | Noticed a six-headed hydra
 10501 | Lair:7   | Reached XP level 12. HP: 118/118 MP: 11/11
 10615 | Lair:7   | Reached skill level 16 in Unarmed Combat
 10902 | Lair:8   | Entered Level 8 of the Lair of Beasts
 11326 | Lair:8   | Reached skill level 8 in Dodging
 11403 | Lair:8   | Reached skill level 8 in Fighting
 11490 | Lair:8   | Identified 2 potions of resistance
 11973 | Lair:8   | Reached skill level 9 in Fighting
 11973 | Lair:8   | Reached skill level 9 in Dodging
 12071 | Lair:8   | Reached XP level 13. HP: 118/131 MP: 12/12
 12842 | Lair:8   | Reached skill level 10 in Dodging
 13269 | Lair:8   | Reached skill level 10 in Fighting
 13535 | Lair:7   | Found a staircase to the Slime Pits.
 13755 | Slime:1  | Entered Level 1 of the Pits of Slime
 13779 | Slime:1  | Noticed an azure jelly
 13881 | Slime:2  | Noticed an acid blob
 13891 | Slime:1  | Paralysed by a great orb of eyes for 6 turns
 14416 | Temple   | Entered the Ecumenical Temple
 15231 | D:10     | Found a roughly hewn altar of Beogh.
 15560 | D:11     | Found a staircase to the Orcish Mines.
 15672 | D:11     | Found a bloodstained altar of Trog.
 15736 | D:11     | Found a labyrinth entrance.
 15745 | Lab      | Entered a labyrinth
 16083 | Lab      | Got a brightly glowing scale mail
 16148 | Lab      | Identified a +0 fire dragon armour (You took it off a minotaur in a labyrinth)
 16191 | Lab      | Identified a -2 rod of the swarm (1/10) {!a} (You took it off a minotaur in a labyrinth)
 16240 | D:11     | Reached skill level 1 in Armour
 16531 | D:11     | Reached skill level 2 in Armour
 16811 | Lair:1   | Reached skill level 3 in Armour
 17103 | Lair:1   | Noticed an oklob plant
 17138 | Lair:1   | Reached skill level 4 in Armour
 17158 | Lair:1   | Killed an oklob plant
 17389 | Lair:1   | Found a blossoming altar of Fedhas.
 17401 | Lair:1   | Noticed an oklob plant
 18050 | Lair:2   | Reached skill level 5 in Armour
 18711 | Lair:3   | Noticed Maud
 18722 | Lair:3   | Killed Maud
 18754 | Lair:3   | Reached XP level 14. HP: 121/143 MP: 13/13
 19159 | Lair:4   | Reached skill level 6 in Armour
 19172 | Lair:4   | Gained mutation: Scrolls take you longer to read. [potion of mutation]
 19172 | Lair:4   | Lost mutation: You are dopey. (Int -2) [potion of mutation]
 20068 | Lair:5   | Found a staircase to the Snake Pit.
 20139 | Lair:5   | Noticed a seven-headed hydra
 20159 | Lair:6   | Noticed a five-headed hydra
 20201 | Lair:5   | Reached skill level 7 in Armour
 20424 | Lair:6   | Noticed a four-headed hydra
 21324 | D:11     | Reached skill level 8 in Armour
 22124 | Orc:1    | Entered Level 1 of the Orcish Mines
 22197 | Orc:1    | Noticed Fannar
 22243 | D:11     | Killed Fannar
 22243 | D:11     | Reached skill level 9 in Armour
 22670 | Orc:1    | Found Boaf's General Store.
 22685 | Orc:1    | Bought a potion of beneficial mutation for 420 gold pieces
 22685 | Orc:1    | Gained mutation: Your muscles are strong. (Str +2) [potion of beneficial mutation]
 23965 | Orc:3    | Found Casmoclucu's Weapon Shop.
 23975 | Orc:3    | Found Nais's Assorted Antiques.
 24013 | Orc:3    | Bought a ruby potion for 27 gold pieces
 24013 | Orc:3    | Bought a scroll labeled EDEYSTYIXO for 30 gold pieces
 24279 | Orc:3    | Found Nodinen's Food Emporium.
 24485 | Orc:4    | Entered Level 4 of the Orcish Mines
 24583 | Orc:4    | Reached skill level 10 in Armour
 24608 | Orc:4    | Noticed Donald
 24621 | Orc:4    | Killed Donald
 24666 | Orc:4    | Found a staircase to the Elven Halls.
 24871 | Orc:4    | Found a roughly hewn altar of Beogh.
 24917 | Orc:4    | Paralysed by an orc sorcerer for 7 turns
 24939 | Orc:4    | Reached skill level 17 in Unarmed Combat
 24996 | Orc:4    | Found Plog's Magic Scroll Shop.
 24996 | Orc:4    | Found Sann's General Store.
 25100 | Orc:4    | Found Loschez's Distillery.
 25100 | Orc:4    | Found Peggek's Gadget Boutique.
 25329 | Orc:4    | Found Inisk's Armour Shoppe.
 25520 | Orc:4    | Bought a scroll of identify for 28 gold pieces
 26061 | Lair:6   | Killed a five-headed hydra
 26531 | Lair:6   | Reached skill level 1 in Throwing
 26546 | Lair:6   | Killed a four-headed hydra
 26689 | Lair:6   | Reached skill level 2 in Throwing
 26689 | Lair:6   | Reached XP level 15. HP: 130/149 MP: 14/14
 26737 | Lair:6   | Found a staircase to the Swamp.
 26876 | Slime:1  | Killed an azure jelly
 26876 | Slime:1  | Reached skill level 3 in Throwing
 27002 | Slime:1  | Gained mutation: You expend magic power (3 MP) to strengthen your wands. [a shining eye]
 27110 | Slime:1  | Killed an acid blob
 27110 | Slime:1  | Reached skill level 4 in Throwing
 27364 | Slime:1  | Noticed an acid blob
 27384 | Slime:2  | Reached skill level 5 in Throwing
 27550 | Slime:1  | Noticed an acid blob
 27560 | Slime:1  | HP: 13/149 [acid (11)]
 27561 | Slime:1  | HP: 1/149 [acid blob/splash of acid (15)]
 27561 | Slime:1  | Splashed by an acid blob's acid

Vanquished Creatures
  An acid blob (Slime:1)
  An azure jelly (Slime:1)
  Donald (Orc:4)
  Maud (Lair:3)
  A minotaur (Lab)
  4 hydras
  A great orb of eyes (Slime:1)
  Fannar (D:11)
  Erica (Lair:2)
  A tengu warrior (D:9)
  10 death yaks
  4 orc high priests (Orc:4)
  An unseen horror (D:11)
  2 hill giants
  6 orc knights
  The ghost of Mygna the Slinger, an experienced HaWr of Okawaru (D:8)
  Pikel (D:7)
  An orc sorcerer (Orc:4)
  An oklob plant (Lair:1)
  A sixfirhy (Orc:4)
  3 cyclopes (D:11)
  A shining eye (Slime:1)
  A centaur zombie (D:11)
  4 elephants (Lair:5)
  A black mamba (Lair:3)
  Joseph (D:8)
  28 spiny frogs
  A gargoyle (Lab)
  Psyche (D:10)
  2 torpor snails
  An eye of devastation (Slime:2)
  A spriggan druid (Lair:5)
  9 komodo dragons
  2 trolls (D:10)
  A merfolk (D:11)
  A tengu conjurer (D:9)
  2 fire drakes
  2 polar bears (Lair:5)
  A boulder beetle (Lair:7)
  Grinder (D:3)
  2 giant leeches (Lair:8)
  A raven (D:9)
  14 slime creatures
  8 blink frogs (Lair:8)
  A two-headed ogre (D:9)
  A water elemental (D:12)
  Sigmund (D:3)
  3 wyverns
  3 deep elf magi
  A vampire (D:12)
  2 basilisks (Lair:4)
  46 yaks
  8 hippogriffs
  Grum (D:8)
  10 vampire mosquitoes (Lair:8)
  The ghost of Viceroy the Insei, an average OpTm (D:3)
  A mottled dragon (D:12)
  6 wolves
  3 nagas (Lair:5)
  6 swamp worms (Lair:6)
  A warg (Orc:4)
  2 sky beasts
  12 ogres
  19 porcupines
  15 water moccasins
  2 ice beasts
  27 orc warriors
  2 phantoms (D:10)
  An eye of draining (Slime:1)
  5 centaurs
  2 boring beetles
  10 crocodiles
  2 big kobolds
  38 giant frogs
  An earth elemental (Lab)
  2 scorpions
  5 killer bees
  2 electric eels
  5 hounds
  17 jellies
  A giant frog zombie (D:6)
  A goliath beetle (Lab)
  A centaur skeleton (D:8)
  A giant frog skeleton (D:7)
  31 orc priests
  5 crimson imps
  Jessica (D:3)
  10 worker ants
  12 iguanas
  36 orc wizards
  21 sheep
  A killer bee zombie (D:6)
  2 hound zombies (D:6)
  A hound skeleton (D:6)
  Robin (D:3)
  10 adders
  2 worker ant zombies
  53 river rats
  3 shadow imps
  20 oozes
  An adder skeleton (D:4)
  2 adder zombies (D:6)
  6 worms
  8 giant geckos
  146 orcs
  5 ball pythons
  26 bats
  A bat skeleton (D:4)
  A bat zombie (D:6)
  13 giant cockroaches
  24 hobgoblins
  11 jackals
  24 kobolds
  3 quokkas
  A giant gecko skeleton (D:5)
  A giant gecko zombie (D:5)
  9 giant newts
  A giant spore (D:5)
  24 goblins
  4 quokka skeletons
  11 rats
  A ballistomycete (D:5)
930 creatures vanquished.

Vanquished Creatures (others)
  A slave (D:7)
  An orc priest (D:7)
  4 orcs
  6 fungi
  7 plants (Lair:8)
19 creatures vanquished.

Grand Total: 949 creatures vanquished
